 Dungeon Crawl Stone Soup version 0.26-a0-30-g56b8cd3df0 (webtiles) character file.

Game seed: 3642984141177590295, levelgen mode: deterministic

1328 Gazerockf the Fighter (level 8, -3/78 HPs)
             Began as a Minotaur Necromancer on May 29, 2020.
             Was an Initiate of Yredelemnul.
             Slain by Duvessa
             ... wielding a +0 short sword
              (6 damage)
             ... on level 6 of the Dungeon.
             The game lasted 00:12:30 (7304 turns).

Gazerockf the Fighter (Minotaur Necromancer)        Turns: 7304, Time: 00:12:31

Health: -3/78      AC:  7    Str: 12    XL:     8   Next: 34%
Magic:  9/9        EV: 12    Int: 12    God:    Yredelemnul [......]
Gold:   178        SH:  0    Dex: 14    Spells: 8/9 levels left

rFire    . . .     SeeInvis +   t - +1 dagger (pain)
rCold    . . .     Gourm    .   (no shield)
rNeg     . . .     Faith    .   v - +2 ring mail {rPois}
rPois    +         Spirit   .   (helmet restricted)
rElec    .         Reflect  .   (no cloak)
rCorr    .         Harm     .   (no gloves)
MR       .....                  (no boots)
Stlth    +.........             (no amulet)
HPRegen  0.23/turn              i - ring of see invisible
MPRegen  0.11/turn              (no ring)

@: flying
A: retaliatory headbutt, horns 2
a: Renounce Religion


You were on level 6 of the Dungeon.
You worshipped Yredelemnul.
Yredelemnul was noncommittal.
You were not hungry.

You visited 2 branches of the dungeon, and saw 7 of its levels.

You collected 178 gold pieces.

Inventory:

Hand Weapons
 d - a +0 dagger
 f - a +0 club
 p - a +0 hand axe
 t - a +1 dagger of pain (weapon)
 y - a +0 rapier
Missiles
 o - 6 boomerangs of dispersal (quivered)
Armour
 a - a +0 robe
 s - a +0 robe of fire resistance
 v - a +2 ring mail of poison resistance (worn)
Magical Staves
 w - an uncursed staff of conjuration
Jewellery
 i - a ring of see invisible (left hand)
Wands
 k - a wand of iceblast (11)
Scrolls
 g - a scroll of fog {unknown}
 m - 2 scrolls of remove curse
 q - a scroll of fear {unknown}
 r - 3 scrolls of enchant armour {unknown}
 z - a scroll of amnesia {unknown}
Potions
 b - a potion of resistance {unknown}
 e - a potion of flight
 h - 2 potions of degeneration {unknown}
 j - 2 potions of curing {unknown}
 l - a potion of magic {unknown}
 n - a potion of heal wounds {unknown}
 u - a potion of brilliance {unknown}
Comestibles
 c - 15 rations
 x - a chunk of flesh


   Skills:
 - Level 9.5 Fighting
 - Level 0.9 Short Blades
 + Level 2.5 Armour
 + Level 3.4 Dodging
 - Level 1.5 Stealth
 - Level 1.3 Spellcasting
 + Level 4.8 Necromancy


You had 8 spell levels left.
You knew the following spells:

 Your Spells              Type           Power        Failure   Level  Hunger
a - Pain                  Necr           ##..         9%          1    ##.....

Your spell library contained the following spells:

 Spells                   Type           Power        Failure   Level  Hunger
 Animate Skeleton         Necr           N/A          9%          1    ##.....
 Vampiric Draining        Necr           ##........   26%         3    ####...
 Animate Dead             Necr           N/A          65%         4    #####..
 Agony                    Necr           ##......     94%         5    ######.


Dungeon Overview and Level Annotations

Branches:
Dungeon (6/15)             Temple (1/1) D:5

Altars:
Ashenzari
Cheibriados
Dithmenos
Elyvilon
Fedhas
Gozag
Hepliaklqana
Kikubaaqudgha
Makhleb
Nemelex Xobeh
Okawaru
Qazlal
Ru
Sif Muna
Trog
Uskayaw
Vehumet
Wu Jian
Xom
Yredelemnul
Zin
The Shining One

Shops:
D:5 }

Annotations:
D:6 Duvessa


Innate Abilities, Weirdness & Mutations

You reflexively headbutt those who attack you in melee.
You have a pair of horns on your head.


Message History

You feel very buoyant.
You fly up into the air.
Duvessa barely misses you.
You completely miss Duvessa.
Duvessa is heavily wounded.
Duvessa barely misses you. You furiously retaliate!
You headbutt Duvessa, but do no damage. Duvessa hits you with a +0 short sword.
* * * LOW HITPOINT WARNING * * *
You hit Duvessa.
Duvessa is heavily wounded.
Duvessa closely misses you.
Okay, then.
Okay, then.
Throwing (i - inventory)
o - 7 boomerangs of dispersal (quivered)
Press: ? - help, Shift-Dir - straight line, f - Duvessa
Aim: Duvessa, wielding a +0 short sword and wearing a +0 leather armour (heavily wounded, berserk)
You throw a boomerang of dispersal.
The boomerang of dispersal barely misses Duvessa.
Duvessa hits you with a +0 short sword.
You die...
Your body rises from the dead as a mindless zombie.

.... ....# ##
#...# ?# #
#....##.# S#
#....#..# ...
#.......##.#..
#.....)e..(...
#...#.@.##.#..
#.............
#..>..........
#.###.........
#.....<<......
#.....####....
#....## ....
..... ...
..... .#


You could see Duvessa (berserk).

Vanquished Creatures
  Sigmund (D:5)
  2 water moccasins (D:5)
  A phantom (D:4)
  3 centaurs (D:5)
  A gnoll sergeant (D:5)
  Dowan (D:6)
  2 scorpions
  A howler monkey (D:5)
  A hound (D:4)
  A bullfrog skeleton (D:4)
  An orc wizard (D:3)
  An iguana (D:5)
  2 worker ants
  11 adders
  4 gnolls (D:5)
  An ooze (D:1)
  An adder zombie (D:6)
  2 worms
  4 dart slugs
  2 leopard geckos (D:1)
  7 orcs
  A ball python (D:3)
  7 bats
  5 giant cockroaches
  4 goblins
  6 hobgoblins
  8 jackals
  4 kobolds
  2 frilled lizards
  A jackal zombie (D:5)
  2 leopard gecko skeletons (D:4)
  9 rats
99 creatures vanquished.

Notes
Turn   | Place    | Note
-------+----------+-------------------------------------------
     0 | D:1      | Gazerockf the Minotaur Necromancer began the quest for the
                  | Orb.
     0 | D:1      | Reached XP level 1. HP: 14/14 MP: 1/1
    62 | D:1      | Reached skill level 1 in Fighting
   214 | D:1      | Reached skill level 2 in Fighting
   214 | D:1      | Reached XP level 2. HP: 24/24 MP: 3/3
   691 | D:1      | Reached skill level 3 in Fighting
   734 | D:1      | Reached XP level 3. HP: 31/31 MP: 4/4
  1879 | D:2      | Reached skill level 4 in Fighting
  2017 | D:2      | Reached XP level 4. HP: 29/40 MP: 5/5
  2468 | D:2      | Reached skill level 5 in Fighting
  3130 | D:3      | Reached XP level 5. HP: 21/48 MP: 6/6
  4274 | D:4      | Reached skill level 6 in Fighting
  4727 | D:4      | Noticed a phantom
  4740 | D:4      | Killed a phantom
  4740 | D:4      | Reached skill level 7 in Fighting
  4740 | D:4      | Reached XP level 6. HP: 55/60 MP: 7/7
  5109 | D:4      | Found a shimmering altar of Xom.
  5454 | D:5      | Entered Level 5 of the Dungeon
  5515 | D:5      | Noticed Sigmund
  5526 | D:5      | Killed Sigmund
  5526 | D:5      | Reached skill level 8 in Fighting
  5526 | D:5      | Reached XP level 7. HP: 47/68 MP: 8/8
  5725 | D:5      | Found a staircase to the Ecumenical Temple.
  5735 | Temple   | Entered the Ecumenical Temple
  5852 | Temple   | Became a worshipper of Yredelemnul the Dark
  6027 | D:5      | Reached skill level 9 in Fighting
  6039 | D:5      | HP: 3/70 [poisoned by a water moccasin]
  6045 | D:5      | HP: 2/70 [poisoned by a water moccasin]
  6053 | D:5      | HP: 2/70 [poisoned by a water moccasin]
  6389 | D:5      | Found Horoez's Gadget Boutique.
  6462 | D:6      | Noticed Duvessa
  6462 | D:6      | Noticed Dowan
  6517 | D:5      | Reached XP level 8. HP: 37/78 MP: 9/9
  6644 | D:5      | Reached skill level 1 in Armour
  7293 | D:6      | Killed Dowan
  7302 | D:6      | HP: 3/78 [Duvessa/+0 short sword (6)]
  7304 | D:6      | Slain by Duvessa

Illustrated notes

Levels and vault maps discovered:
D:1:      beargit_arrival_greenhouse, layout_basic, grunt_decor_mini_mirrors
D:2:      layout_loops_corners, minmay_pentomino_t2
D:3:      layout_basic, minmay_strange_pillars, nicolae_underground_beach
D:4:      layout_loops_ring, xom_teletrap_fun, dk_vineyard_3, minivault_27
D:5:      layout_loops_ring, minmay_temple_entry_glass, first_ration,
          serial_shops, shop, uniq_sigmund
D:6:      layout_rooms, uniq_crazy_yiuf_cottage, uniq_duvessa
Temple:   kilobyte_greek_temple

Skill      XL: |  1  2  3  4  5  6  7  8 |
---------------+-------------------------+-----
Fighting       | 2 3 4 5 7 8 9 |  9.5
Necromancy     | 3 4 |  4.8
Armour         | 2 |  2.5
Dodging        | 3 |  3.4
Short Blades   | |  0.9
Stealth        | |  1.5
Spellcasting   | |  1.3

Action                   |  1- 3 |  4- 6 |  7- 9 || total
-------------------------+-------+-------+-------++-------
Melee: Dagger            |    98 |   147 |    91 ||   336
       Unarmed           |     2 |       |       ||     2
       Headbutt          |    11 |    37 |    21 ||    69
       Hand axe          |       |    49 |       ||    49
Throw: Boomerang         |       |       |     1 ||     1
 Cast: Pain              |     2 |       |       ||     2
  Use: Scroll            |       |       |     4 ||     4
       Potion            |       |       |     1 ||     1
 Stab: Sleeping          |     3 |     3 |       ||     6
  Eat: Chunk             |     3 |    11 |     6 ||    20
Armor: Robe              |    13 |    23 |       ||    36
       Ring mail         |       |       |    26 ||    26
Dodge: Dodged            |    84 |   113 |    65 ||   262

Table legend:
 A = Non-vault XP
 B = Vault XP
 C = Vault XP percentage of total XP
 D = Non-vault monster count
 E = Vault monster count
 F = Vault count percentage of total count
                 A         B        C        D         E       F
            +---------+---------+-------+---------+---------+-------
      Total |    1605 |     293 |  15.4 |      95 |       4 |   4.0
            +---------+---------+-------+---------+---------+-------
        D:1 |      56 |       0 |   0.0 |      26 |       0 |   0.0
        D:2 |     103 |       4 |   3.7 |      23 |       2 |   8.0
        D:3 |      60 |       0 |   0.0 |      11 |       0 |   0.0
        D:4 |     410 |       0 |   0.0 |      19 |       0 |   0.0
        D:5 |     970 |     220 |  18.5 |      15 |       1 |   6.2
        D:6 |       6 |      69 |  92.0 |       1 |       1 |  50.0
            +---------+---------+-------+---------+---------+-------
